3L
ROCKY MOUNTAIN NUGGETS @ PORTLAND EVERGREENS
09/02/2026
 
TOP OF THE 1ST
Rocky Mountain Nuggets batting - Pitching for Portland Evergreens : RHP Ryan Peterson
Pitching: RHP Ryan Peterson
Batting: RHB Andrés Rodríguez 0-0: SINGLE (Flyball, 8LS)
Batting: RHB Iván Vega 0-0: Ball
1-0: Ball
2-0: Called Strike
2-1: Foul Ball, location: 2F
2-2: Ball
3-2: Foul Ball, location: 2F
3-2: Fly out, F5 (Line Drive, 56)
Batting: LHB Javier Sánchez 0-0: Ball
1-0: Ball
2-0: Called Strike
2-1: Ball
Andrés Rodríguez is caught stealing 2nd base
3-1: Called Strike
3-2: Strikes out swinging
Top of the 1st over - 0 run(s), 1 hit(s), 0 error(s), 0 left on base; Rocky Mountain 0 - Portland 0
BOTTOM OF THE 1ST
Portland Evergreens batting - Pitching for Rocky Mountain Nuggets : RHP Ismael Barrios
Pitching: RHP Ismael Barrios
Batting: RHB Roland Deschain 0-0: Ball
1-0: Ball
2-0: Fly out, F9 (Flyball, 89S)
Batting: RHB José López 0-0: Ball
1-0: Ball
2-0: Called Strike
2-1: Called Strike
2-2: Ball
3-2: Strikes out swinging
Batting: SHB Eddie Ménard 0-0: Ball
1-0: Foul Ball, location: 2F
1-1: Foul Ball, location: 2F
1-2: Strikes out swinging
Bottom of the 1st over - 0 run(s), 0 hit(s), 0 error(s), 0 left on base; Rocky Mountain 0 - Portland 0
TOP OF THE 2ND
Rocky Mountain Nuggets batting - Pitching for Portland Evergreens : RHP Ryan Peterson
Batting: LHB Neil Lawson 0-0: Ball
1-0: Called Strike
1-1: Ball
2-1: Ball
3-1: Base on Balls
Batting: RHB Wes Shannon 0-0: Ball
1-0: Ball
2-0: Swinging Strike
2-1: SINGLE (Line Drive, 6D)
Neil Lawson to second
Batting: RHB Gary Chalmers 0-0: Called Strike
0-1: Foul Ball, location: 2F
0-2: Ball
1-2: Strikes out swinging
Batting: LHB Chia-ch'ing Dodman 0-0: SINGLE (Line Drive, 89S)
Neil Lawson to third
Wes Shannon to second
Runner from 3rd tries for Home, SAFE, no throw
Batting: RHB Mark Melton 0-0: Foul Ball, location: 2F
0-1: Ball
1-1: Ball
2-1: Foul Ball, location: 2F
2-2: Ball
3-2: Strikes out swinging
Batting: LHB Randy Bowen 0-0: Called Strike
0-1: Foul Ball, location: 2F
0-2: Ball
1-2: Ball
2-2: Fly out, F7 (Flyball, 7S)
Top of the 2nd over - 1 run(s), 2 hit(s), 0 error(s), 2 left on base; Rocky Mountain 1 - Portland 0
BOTTOM OF THE 2ND
Portland Evergreens batting - Pitching for Rocky Mountain Nuggets : RHP Ismael Barrios
Batting: RHB Fernando Rivera 0-0: Ball
1-0: Foul Ball, location: 2F
1-1: Ball
2-1: Ball
3-1: Base on Balls
Batting: LHB Luis Velázquez 0-0: Ball
1-0: SINGLE (Line Drive, 4M)
Fernando Rivera to second
Batting: RHB Darrell Terwey 0-0: Foul Ball, location: 2F
0-1: Ball
1-1: Ball
2-1: SINGLE (Line Drive, 7LS)
Fernando Rivera to third
Luis Velázquez to second
Runner from 3rd tries for Home, SAFE, throw made home
Batting: SHB Chris Williamson 0-0: Ball
1-0: Foul Ball, location: 2F
1-1: Swinging Strike
1-2: Strikes out looking
Batting: LHB Joram Nelen 0-0: Ball
1-0: DOUBLE (Line Drive, 89S)
Luis Velázquez scores
Darrell Terwey to third
Pitching: RHP Cipriano Costa
Batting: RHB Silvio Bonauiti 0-0: Ball
1-0: Ball
2-0: Ball
3-0: Called Strike
3-1: Foul Ball, location: 2F
3-2: Foul Ball, location: 2F
3-2: Foul Ball, location: 2F
3-2: Strikes out looking
Batting: RHB Roland Deschain 0-0: DOUBLE (Flyball, 9LM)
Darrell Terwey scores
Joram Nelen scores
Batting: RHB José López 0-0: Ball
1-0: Foul Ball, location: 2F
1-1: Foul Ball, location: 2F
1-2: Ground out 5-3 (Groundball, 5)
Bottom of the 2nd over - 4 run(s), 4 hit(s), 0 error(s), 1 left on base; Rocky Mountain 1 - Portland 4
TOP OF THE 3RD
Rocky Mountain Nuggets batting - Pitching for Portland Evergreens : RHP Ryan Peterson
Batting: RHB Andrés Rodríguez 0-0: Ball
1-0: Ball
2-0: SINGLE (Line Drive, 34)
Batting: RHB Iván Vega 0-0: Ball
1-0: Called Strike
1-1: Reached on error, E5 (Groundball, 6)
Andrés Rodríguez to second
Batting: LHB Javier Sánchez 0-0: Ball
1-0: Foul Ball, location: 2F
1-1: Ball
2-1: Ball
3-1: Fly out, F6 (Flyball, 56D)
Batting: LHB Neil Lawson 0-0: Called Strike
0-1: Ball
1-1: Ball
2-1: Ball
3-1: Foul Ball, location: 2F
3-2: Strikes out swinging
Batting: RHB Wes Shannon 0-0: Ball
1-0: Ground out 5-3 (Groundball, 5S)
Top of the 3rd over - 0 run(s), 1 hit(s), 1 error(s), 2 left on base; Rocky Mountain 1 - Portland 4
BOTTOM OF THE 3RD
Portland Evergreens batting - Pitching for Rocky Mountain Nuggets : RHP Cipriano Costa
Batting: SHB Eddie Ménard 0-0: Called Strike
0-1: Ball
1-1: Foul Ball, location: 2F
1-2: Ball
2-2: Foul Ball, location: 2F
2-2: Ball
3-2: Foul Ball, location: 2F
3-2: Ground out 6-3 (Groundball, 6)
Batting: RHB Fernando Rivera 0-0: Ground out 6-3 (Groundball, 6)
Batting: LHB Luis Velázquez 0-0: Fly out, F8 (Flyball, 8RM)
Bottom of the 3rd over - 0 run(s), 0 hit(s), 0 error(s), 0 left on base; Rocky Mountain 1 - Portland 4
TOP OF THE 4TH
Rocky Mountain Nuggets batting - Pitching for Portland Evergreens : RHP Ryan Peterson
Batting: RHB Gary Chalmers 0-0: Ball
1-0: Ball
2-0: Ball
3-0: Base on Balls
Batting: LHB Chia-ch'ing Dodman 0-0: Called Strike
0-1: Fly out, F9 (Flyball, 9D)
Batting: RHB Mark Melton 0-0: Ball
1-0: Ball
2-0: Grounds into double play, 5-4-3 (Groundball, 56)
Top of the 4th over - 0 run(s), 0 hit(s), 0 error(s), 0 left on base; Rocky Mountain 1 - Portland 4
BOTTOM OF THE 4TH
Portland Evergreens batting - Pitching for Rocky Mountain Nuggets : RHP Cipriano Costa
Batting: RHB Darrell Terwey 0-0: Ball
1-0: Fly out, F7 (Flyball, 7)
Batting: SHB Chris Williamson 0-0: Called Strike
0-1: SOLO HOME RUN (Flyball, 9LD), Distance : 384 ft
Batting: LHB Joram Nelen 0-0: Called Strike
0-1: Ball
1-1: Ball
2-1: Ball
3-1: Foul Ball, location: 2F
3-2: Foul Ball, location: 2F
3-2: Fly out, F3 (Line Drive, 3)
Batting: RHB Silvio Bonauiti 0-0: Ball
1-0: SINGLE (Groundball, 34D)
Batting: RHB Roland Deschain 0-0: Ball
1-0: Ball
2-0: DOUBLE (Line Drive, 7LS)
Silvio Bonauiti to third
Runner from 3rd tries for Home, SAFE, no throw
Batting: RHB José López 0-0: Fly out, F8 (Line Drive, 78M)
Bottom of the 4th over - 2 run(s), 3 hit(s), 0 error(s), 1 left on base; Rocky Mountain 1 - Portland 6
TOP OF THE 5TH
Rocky Mountain Nuggets batting - Pitching for Portland Evergreens : RHP Ryan Peterson
Batting: LHB Randy Bowen 0-0: Called Strike
0-1: Swinging Strike
0-2: Ball
1-2: Foul Ball, location: 2F
1-2: Ball
2-2: Ball
3-2: Strikes out swinging
Batting: RHB Andrés Rodríguez 0-0: Ball
1-0: Foul Ball, location: 2F
1-1: Called Strike
1-2: Foul Ball, location: 2F
1-2: Foul Ball, location: 2F
1-2: Ball
2-2: Foul Ball, location: 2F
2-2: Foul Ball, location: 2F
2-2: Foul Ball, location: 2F
2-2: Ball
3-2: Fly out, F3 (Line Drive, 34)
Batting: RHB Iván Vega 0-0: Called Strike
0-1: Foul Ball, location: 2F
0-2: Fly out, F8 (Flyball, 78D)
Top of the 5th over - 0 run(s), 0 hit(s), 0 error(s), 0 left on base; Rocky Mountain 1 - Portland 6
BOTTOM OF THE 5TH
Portland Evergreens batting - Pitching for Rocky Mountain Nuggets : RHP Cipriano Costa
Batting: SHB Eddie Ménard 0-0: Ball
1-0: Ball
2-0: Foul Ball, location: 2F
2-1: Reached on error, E5 (Groundball, 5)
Batting: RHB Fernando Rivera 0-0: Fly out, F8 (Flyball, 89M)
Batting: LHB Luis Velázquez 0-0: Ball
1-0: SINGLE (Groundball, 6MD)
Eddie Ménard to second
Runner from 2nd tries for 3rd, SAFE, throw made to third
Luis Velázquez to second
Batting: RHB Darrell Terwey 0-0: Swinging Strike
0-1: Swinging Strike
0-2: Ball
1-2: Ground out 5-3 (Groundball, 56)
Eddie Ménard scores
Batting: SHB Chris Williamson 0-0: Ball
1-0: Ball
2-0: Called Strike
2-1: Fly out, F7 (Flyball, 7)
Bottom of the 5th over - 1 run(s), 1 hit(s), 1 error(s), 1 left on base; Rocky Mountain 1 - Portland 7
TOP OF THE 6TH
Rocky Mountain Nuggets batting - Pitching for Portland Evergreens : RHP Ryan Peterson
Batting: LHB Javier Sánchez 0-0: Ball
1-0: Called Strike
1-1: Fly out, F8 (Flyball, 78D)
Batting: LHB Neil Lawson 0-0: Swinging Strike
0-1: Ball
1-1: Foul Ball, location: 2F
1-2: Fly out, F7 (Line Drive, 7LM)
Batting: RHB Wes Shannon 0-0: Swinging Strike
0-1: Ball
1-1: SINGLE (Line Drive, 89M)
Pitching: RHP Pedro Lara
Batting: RHB Gary Chalmers 0-0: Swinging Strike
0-1: Ball
1-1: Fly out, F4 (Popup, 4MD)
Top of the 6th over - 0 run(s), 1 hit(s), 0 error(s), 1 left on base; Rocky Mountain 1 - Portland 7
BOTTOM OF THE 6TH
Portland Evergreens batting - Pitching for Rocky Mountain Nuggets : RHP Cipriano Costa
Pitching: RHP Hunter Wilson
Batting: LHB Joram Nelen 0-0: Called Strike
0-1: Called Strike
0-2: Ball
1-2: Ball
2-2: SINGLE (Line Drive, 78M)
Batting: RHB Silvio Bonauiti 0-0: Ball
1-0: Foul Ball, location: 2F
1-1: Foul Ball, location: 2F
1-2: Ball
2-2: Ball
3-2: Fly out, F9 (Flyball, 9S)
Batting: RHB Roland Deschain 0-0: SINGLE (Groundball, 56) (infield hit)
Joram Nelen to second
Batting: RHB José López 0-0: Ball
1-0: Hit by Pitch
Joram Nelen to third
Roland Deschain to second
Batting: SHB Eddie Ménard 0-0: Grounds into fielders choice 1-2 (Groundball, P)
Roland Deschain to third
José López to second
Batting: RHB Fernando Rivera 0-0: Ball
1-0: Foul Ball, location: 2F
1-1: Ball
2-1: SINGLE (Line Drive, 56)
Roland Deschain scores
José López to third
Eddie Ménard to second
Runner from 3rd tries for Home, SAFE, no throw
Batting: LHB Luis Velázquez 0-0: Fly out, F7 (Flyball, 7LS)
Bottom of the 6th over - 2 run(s), 3 hit(s), 0 error(s), 2 left on base; Rocky Mountain 1 - Portland 9
TOP OF THE 7TH
Rocky Mountain Nuggets batting - Pitching for Portland Evergreens : RHP Pedro Lara
Batting: LHB Chia-ch'ing Dodman 0-0: Ball
1-0: Called Strike
1-1: Ball
2-1: Ground out 6-3 (Groundball, 6)
Batting: RHB Mark Melton 0-0: Swinging Strike
0-1: Ball
1-1: SINGLE (Groundball, 56D)
Batting: LHB Randy Bowen 0-0: Ball
1-0: Foul Ball, location: 2F
1-1: SINGLE (Groundball, 6D)
Mark Melton to second
Batting: RHB Andrés Rodríguez 0-0: Ball
1-0: Called Strike
1-1: Ball
2-1: Ground out 5-3 (Groundball, 56S)
Mark Melton to third
Randy Bowen to second
Batting: RHB Iván Vega 0-0: Ball
1-0: Ball
2-0: Called Strike
2-1: Ball
3-1: Foul Ball, location: 2F
3-2: Base on Balls
Batting: LHB Javier Sánchez 0-0: Called Strike
0-1: Ball
1-1: Foul Ball, location: 2F
1-2: Foul Ball, location: 2F
1-2: Foul Ball, location: 2F
1-2: Reached on error, E4 (Groundball, 34)
Mark Melton scores
Randy Bowen to third
Iván Vega to second
Batting: LHB Neil Lawson 0-0: Called Strike
0-1: Ball
1-1: DOUBLE (Line Drive, 7LM)
Randy Bowen scores
Iván Vega scores
Javier Sánchez to third
Runner from 3rd tries for Home, throw and OUT!
Top of the 7th over - 3 run(s), 3 hit(s), 1 error(s), 1 left on base; Rocky Mountain 4 - Portland 9
BOTTOM OF THE 7TH
Portland Evergreens batting - Pitching for Rocky Mountain Nuggets : RHP Hunter Wilson
Batting: RHB Darrell Terwey 0-0: Ball
1-0: Swinging Strike
1-1: Ball
2-1: Ball
3-1: Foul Ball, location: 2F
3-2: Foul Ball, location: 2F
3-2: SINGLE (Groundball, 6) (infield hit)
Batting: SHB Chris Williamson 0-0: Fly out, F9 (Flyball, 9)
Batting: LHB Joram Nelen 0-0: Called Strike
0-1: Fly out, F9 (Flyball, 9)
Batting: RHB Silvio Bonauiti 0-0: Called Strike
0-1: Ball
1-1: Ball
Darrell Terwey steals 2nd base
2-1: Ball
3-1: Called Strike
3-2: Foul Ball, location: 2F
3-2: Ground out 5-3 (Groundball, 25)
Bottom of the 7th over - 0 run(s), 1 hit(s), 0 error(s), 1 left on base; Rocky Mountain 4 - Portland 9
TOP OF THE 8TH
Rocky Mountain Nuggets batting - Pitching for Portland Evergreens : RHP Pedro Lara
Now in LF: Mauro López
Batting: RHB Wes Shannon 0-0: Swinging Strike
0-1: Ball
1-1: Ball
2-1: Swinging Strike
2-2: Foul Ball, location: 2F
2-2: Ball
3-2: SINGLE (Line Drive, 4MD)
Batting: RHB Gary Chalmers 0-0: Ball
1-0: Ball
Pickoff Throw by Catcher to First - Out!
2-0: Foul Ball, location: 2F
2-1: SINGLE (Flyball, 8LS)
Batting: LHB Chia-ch'ing Dodman 0-0: SINGLE (Groundball, 3D)
Gary Chalmers to second
Runner from 2nd tries for 3rd, SAFE, no throw
Batting: RHB Mark Melton 0-0: Ball
1-0: Called Strike
1-1: Foul Ball, location: 2F
1-2: Ball
2-2: Foul Ball, location: 2F
2-2: Ball
3-2: SINGLE (Groundball, 6MD)
Gary Chalmers scores
Chia-ch'ing Dodman to second
Pitching: RHP William Waters
Batting: LHB Randy Bowen 0-0: Foul Ball, location: 2F
0-1: Ball
1-1: Foul Ball, location: 2F
1-2: Fly out, F8 (Flyball, 78M)
Batting: RHB Andrés Rodríguez 0-0: Called Strike
0-1: Foul Ball, location: 2F
0-2: Ball
1-2: Ball
2-2: SINGLE (Line Drive, 4MD)
Chia-ch'ing Dodman to third
Mark Melton to second
Runner from 3rd tries for Home, SAFE, throw made at trailing runner, SAFE at third!
Batting: RHB Iván Vega 0-0: Ball
1-0: SINGLE (Flyball, 9LS)
Mark Melton scores
Andrés Rodríguez to second
Runner from 2nd tries for 3rd, SAFE, throw made to third
Iván Vega to second
Pitching: LHP Jesús Medina
Batting: LHB Javier Sánchez 0-0: Called Strike
0-1: Ball
1-1: Foul Ball, location: 2F
1-2: Ground out 4-3 (Groundball, 4)
Top of the 8th over - 3 run(s), 6 hit(s), 0 error(s), 2 left on base; Rocky Mountain 7 - Portland 9
BOTTOM OF THE 8TH
Portland Evergreens batting - Pitching for Rocky Mountain Nuggets : RHP Hunter Wilson
Batting: RHB Roland Deschain 0-0: Called Strike
0-1: Ball
1-1: Ground out 1-3 (Groundball, 13)
Batting: RHB José López 0-0: Ground out 6-3 (Groundball, 6)
Batting: SHB Eddie Ménard 0-0: Ball
1-0: Ball
2-0: Ground out U3 (Groundball, 3)
Bottom of the 8th over - 0 run(s), 0 hit(s), 0 error(s), 0 left on base; Rocky Mountain 7 - Portland 9
TOP OF THE 9TH
Rocky Mountain Nuggets batting - Pitching for Portland Evergreens : LHP Jesús Medina
Pitching: RHP Vincente Ortíz
Batting: LHB Neil Lawson 0-0: Ball
1-0: Ground out 3-1 (Groundball, 34S)
Batting: RHB Wes Shannon 0-0: Ball
1-0: Ball
2-0: Foul Ball, location: 2F
2-1: Fly out, F7 (Line Drive, 7D)
Batting: RHB Gary Chalmers 0-0: Foul Ball, location: 2F
0-1: Ball
1-1: Called Strike
1-2: Strikes out swinging
Top of the 9th over - 0 run(s), 0 hit(s), 0 error(s), 0 left on base; Rocky Mountain 7 - Portland 9
Monday, March 20th, 2017 - OOTP Baseball 17.12 Build 75